 Dungeon Crawl Stone Soup version 0.16.2-12-gd0ad4c3 (webtiles) character file.

823 faibistes the Magician (level 7, -3/37 HPs)
             Began as a Deep Elf Wizard on Oct 27, 2018.
             Was an Initiate of Sif Muna.
             Killed by divine providence
             ... invoked by an orc priest
              (12 damage)
             ... on level 4 of the Dungeon.
             The game lasted 00:20:02 (5238 turns).

faibistes the Magician (Deep Elf Wizard)            Turns: 5238, Time: 00:20:04

Health: -3/37      AC:  2    Str:  4    XL:     7   Next: 63%
Magic:  8/25       EV: 15    Int: 25    God:    Sif Muna [......]
Gold:   181        SH:  0    Dex: 13    Spells: 6 memorised, 8 levels left

rFire  . . .     SeeInvis .     g - +1 dagger (holy)
rCold  . . .     Clarity  .     a - +0 robe
rNeg   . . .     SustAb   .     (no shield)
rPois  .         Gourm    .     b - +0 hat
rElec  .         Spirit   .     (no cloak)
rCorr  .         Warding  .     (no gloves)
rMut   .         Stasis   .     (no boots)
MR     .....                    (no amulet)
Stlth  ++........               (no ring)
                                h - +1 ring of evasion

@: very slightly contaminated, repel missiles, not resistant to hostile
enchantments, unstealthy
A: no striking features
a: Renounce Religion


You were on level 4 of the Dungeon.
You worshipped Sif Muna.
Sif Muna was noncommittal.
You were not hungry.

You visited 1 branch of the dungeon, and saw 5 of its levels.

You collected 181 gold pieces.

Inventory:

Hand weapons
 g - a +1 dagger of holy wrath (weapon)
Armour
 a - a +0 robe (worn)
 b - a +0 hat (worn)
Jewellery
 h - a +1 ring of evasion (left hand)
 t - an uncursed ring of fire
Scrolls
 e - a scroll of teleportation
 j - a scroll of recharging {unknown}
 o - 2 scrolls of immolation {unknown}
 p - 2 scrolls of fear {unknown}
 r - a scroll of blinking {unknown}
 w - 2 scrolls of remove curse {unknown}
Potions
 i - a potion of restore abilities {unknown}
 k - a potion of brilliance
 l - a potion of lignification {unknown}
 m - 4 potions of curing
 n - a potion of mutation {unknown}
 s - 2 potions of might
 u - 2 potions of invisibility
 z - a potion of haste {unknown}
Books
 c - a book of Minor Magic

   Spells                             Type                      Level
   a - Magic Dart                     Conjuration                  1
   b - Blink                          Translocation                2
   c - Call Imp                       Summoning                    2
   d - Repel Missiles                 Charms/Air                   2
   e - Slow                           Hexes                        2
   f - Conjure Flame                  Conjuration/Fire             3
   g - Mephitic Cloud                 Conjuration/Poison/Air       3
Comestibles
 d - 5 bread rations
 f - 2 beef jerkies
 q - 3 slices of pizza
 v - 2 chunks of flesh


   Skills:
 - Level 0.5 Fighting
 + Level 5.0 Dodging
 - Level 2.4 Stealth
 * Level 7.5 Spellcasting
 * Level 4.6 Conjurations
 - Level 1.1 Summonings
 - Level 2.7 Translocations
 * Level 2.1 Fire Magic
 * Level 1.8 Air Magic
 + Level 1.5 Poison Magic


You had 8 spell levels left.
You knew the following spells:

 Your Spells              Type           Power        Failure   Level  Hunger
a - Magic Dart            Conj           ####         1%          1    None
b - Conjure Flame         Conj/Fire      ####....     6%          3    None
c - Call Imp              Summ           ##......     10%         2    None
d - Blink                 Tloc           N/A          3%          2    None
e - Mephitic Cloud        Conj/Pois/Air  ###.....     8%          3    None
f - Repel Missiles        Chrm/Air       ##....       10%         2    None


Dungeon Overview and Level Annotations

Branches:
Dungeon (5/15)
 Temple: D:4-7

Altars:
Cheibriados
Nemelex Xobeh
Okawaru
Ru
Sif Muna
Vehumet
Zin

Annotations:
D:4 Dowan, Duvessa


Message History

Casting: Mephitic Cloud
Confirm with . or Enter, or press ? or * to list all spells.
Aiming: Conjure Flame
Press: ? - help, Dir - move target cursor, p - orc The fire roars!
The orc priest calls down the wrath of Beogh upon you.
Something smites you!
* * * LOW HITPOINT WARNING * * *
Casting: Conjure Flame
Confirm with . or Enter, or press ? or * to list all spells.
Aiming: Mephitic Cloud
Press: ? - help, Shift-Dir - straight line, f - rat
Aim: a rat The ball explodes into a vile cloud!
The stinking cloud engulfs the rat.
The stinking cloud engulfs the orc warrior.
The orc closely misses something.
The rat is engulfed in noxious fumes.
The rat appears confused.
The orc priest calls down the wrath of Beogh upon you.
Something smites you!
You die...

###.#### #.#####.## #
..o....# #.........
###.##># #.#####.## #
#.##e# #.#####.# ###.##o#
#.......# ##...#o#
######### ##.#.#§#
.....#e#################.
#.#^##oooo..o.or@........
#.#.##[.#################
#.#.##.§# #.#.##eo#
......o.# #.#.##.o#
#.#.##... #.#.#..## #.#
#.#


You could see an orc warrior, an orc priest, an orc wizard, an orc (confused)
and a rat (confused).

Vanquished Creatures
  The ghost of faibistes the Magician, an average DEWz (D:3)
  Edmund (D:5)
  An ogre (D:4)
  A scorpion (D:4)
  3 jellies (D:5)
  2 orc priests (D:3)
  3 orc wizards
  2 worker ants
  Ijyb (D:5)
  5 adders
  A giant mite (D:3)
  A worm (D:2)
  An adder skeleton (D:4)
  2 giant geckos (D:3)
  An ooze (D:2)
  8 orcs
  A giant cockroach (D:3)
  9 hobgoblins
  9 kobolds
  2 quokkas (D:3)
  9 bats
  4 giant newts
  10 goblins
  2 quokka skeletons (D:4)
  11 rats
91 creatures vanquished.

Vanquished Creatures (collateral kills)
  A goblin (D:4)
1 creature vanquished.

Grand Total: 92 creatures vanquished

Notes
Turn   | Place    | Note
--------------------------------------------------------------
     0 | D:1      | faibistes, the Deep Elf Wizard, began the quest for the Orb.
     0 | D:1      | Reached XP level 1. HP: 10/10 MP: 6/6
   577 | D:1      | Reached XP level 2. HP: 15/15 MP: 3/9
   913 | D:1      | Learned a level 2 spell: Blink
   916 | D:1      | Learned a level 2 spell: Call Imp
  1203 | D:2      | Reached XP level 3. HP: 19/19 MP: 9/13
  1208 | D:2      | Learned a level 3 spell: Conjure Flame
  1212 | D:2      | Learned a level 3 spell: Mephitic Cloud
  1253 | D:2      | Reached skill level 5 in Spellcasting
  1385 | D:3      | Noticed faibistes' ghost (average DEWz)
  2476 | D:3      | Reached XP level 4. HP: 24/24 MP: 10/17
  2525 | D:3      | Learned a level 2 spell: Repel Missiles
  3090 | D:4      | Noticed an ogre
  3100 | D:4      | Killed an ogre
  3100 | D:4      | Reached skill level 6 in Spellcasting
  3100 | D:4      | Reached XP level 5. HP: 28/28 MP: 7/20
  3213 | D:3      | Found an iron altar of Okawaru.
  3433 | D:5      | Entered Level 5 of the Dungeon
  3609 | D:3      | Killed faibistes' ghost
  3609 | D:3      | Reached skill level 7 in Spellcasting
  3609 | D:3      | Reached XP level 6. HP: 26/32 MP: 14/23
  3961 | D:3      | Found a sparkling altar of Nemelex Xobeh.
  3961 | D:3      | Found a snail-covered altar of Cheibriados.
  4086 | D:3      | Found a radiant altar of Vehumet.
  4087 | D:3      | Found a deep blue altar of Sif Muna.
  4093 | D:3      | Found a sacrificial altar of Ru.
  4114 | D:3      | Became a worshipper of Sif Muna the Loreminder
  4121 | D:3      | Found a glowing silver altar of Zin.
  4624 | D:5      | Reached XP level 7. HP: 32/37 MP: 14/25
  4628 | D:5      | Reached skill level 1 in Fire Magic
  4628 | D:5      | Reached skill level 1 in Air Magic
  4678 | D:5      | Noticed Ijyb
  4743 | D:5      | Noticed Edmund
  4757 | D:5      | Killed Edmund
  4757 | D:5      | Reached skill level 1 in Poison Magic
  4938 | D:4      | Noticed an orc warrior
  5044 | D:4      | Reached skill level 5 in Dodging
  5067 | D:4      | Noticed Duvessa
  5141 | D:5      | Killed Ijyb
  5220 | D:4      | Noticed Dowan
  5238 | D:4      | Killed from afar by an orc priest

Action                   |  1- 3 |  4- 6 |  7- 9 || total
-------------------------+-------+-------+-------++-------
Melee: Dagger            |     2 |    29 |     7 ||    38
 Cast: Magic Dart        |    96 |    90 |    14 ||   200
       Conjure Flame     |     1 |     6 |    12 ||    19
       Mephitic Cloud    |       |    17 |     8 ||    25
       Blink             |       |     5 |     1 ||     6
       Repel Missiles    |       |     1 |       ||     1
       Call Imp          |       |     3 |       ||     3
  Use: Potion            |     2 |       |       ||     2
       Scroll            |       |     1 |     5 ||     6
 Stab: Confused          |       |     1 |       ||     1
  Eat: Chunk             |     4 |     7 |     2 ||    13
